 Dungeon Crawl Stone Soup version 0.28.0-47-ge53b351184 (webtiles) character file.

Game seed: 1948540939511309640

2 Allula97 the Gusty (level 1, -1/10 HPs)
             Began as a Tengu Air Elementalist on May 3, 2022.
             Slain by a gnoll
             ... wielding a +0 whip
              (3 damage)
             ... on level 1 of the Dungeon.
             The game lasted 00:00:46 (105 turns).

Allula97 the Gusty (Tengu Air Elementalist)          Turns: 105, Time: 00:00:47

Health: -1/10      AC:  2    Str:  8    XL:     1   Next: 40%
Magic:  1/4        EV: 12    Int: 15    God:
Gold:   0          SH:  0    Dex: 14    Spells: 3/4 levels left

rFire   . . .      SeeInvis .   (no weapon)
rCold   . . .      Faith    .   (no shield)
rNeg    . . .      Spirit   .   a - +0 robe
rPois   .          Reflect  .   (helmet restricted)
rElec   .          Harm     .   (no cloak)
rCorr   .          Rampage  .   (no gloves)
Will    .....                   (boots unavailable)
Stlth   ++........              (no amulet)
HPRegen 0.03/turn               (no ring)
MPRegen 0.09/turn               (no ring)

@: no status effects
A: beak, talons 3
a: no special abilities


You were on level 1 of the Dungeon.
You visited 1 branch of the dungeon, and saw 1 of its levels.

Inventory:

Armour
 a - a +0 robe (worn)


   Skills:
 * Level 0.1 Armour
 * Level 2.2 Dodging
 - Level 2.0 Stealth
 * Level 2.0 Spellcasting
 * Level 1.4 Conjurations
 * Level 4.1 Air Magic


You had 3 spell levels left.
You knew the following spells:

 Your Spells              Type           Power      Damage    Failure   Level
a - Shock                 Conj/Air       36%        1d5       7%          1

Your spell library contained the following spells:

 Spells                   Type           Power      Damage    Failure   Level
 Static Discharge         Conj/Air       9%         N/A       11%         2
 Swiftness                Air            13%        N/A       12%         3
 Airstrike                Air            6%         N/A       38%         4


Dungeon Overview and Level Annotations

Branches:
Dungeon (1/15)

Altars:


Innate Abilities, Weirdness & Mutations

You have a beak for a mouth.
You have claws for feet.


Message History

The gnoll is severely wounded.
You open the door.
Found a ring mail.
There is an open door here.
Aiming: Shock (safe; 8% risk of failure)
Press: ? - help, Q - select action Shift-Dir - straight line, f/p - gnoll
Aim: a gnoll, wielding a +0 whip (heavily wounded, 72% to hit)
The zap hits the gnoll.
The gnoll is almost dead.
The zap hits the hobgoblin.
You kill the hobgoblin!
The gnoll hits you with a +0 whip.
Ouch! That really hurt!
You barely miss the gnoll.
The gnoll is almost dead.
The gnoll closely misses you.
You closely miss the gnoll. Your kick misses the gnoll.
The gnoll is almost dead.
The gnoll misses you.
You closely miss the gnoll. You claw the gnoll, but do no damage.
The gnoll is almost dead.
The gnoll completely misses you.
You hit the gnoll but do no damage. Your peck misses the gnoll.
The gnoll is almost dead.
The gnoll closely misses you.
You completely miss the gnoll. Your kick misses the gnoll.
Your peck misses the gnoll.
The gnoll is almost dead.
The gnoll completely misses you.
You hit the gnoll but do no damage. Your kick misses the gnoll.
The gnoll is almost dead.
The gnoll hits you with a +0 whip.
* * * LOW HITPOINT WARNING * * *
You hit the gnoll but do no damage.
The gnoll is almost dead.
The gnoll closely misses you.
You barely miss the gnoll. You peck the gnoll.
The gnoll is almost dead.
The gnoll hits you with a +0 whip.
You die...

...........g....######
######.#.#.>#.......†
#.#.#..#........
#.#.#..#........ ###
#.#....#g####### #...
#†###.##.#
#...###'###.##.#
#.#.....g..##.##.#
.......@[..##.#....g....
....♣♣♣♣♣♣♣♣ #.........
.. #......... ..........
♣.......... ♣#.........
#.........


You could see a gnoll.

Vanquished Creatures
  A giant cockroach (D:1)
  A hobgoblin (D:1)
2 creatures vanquished.

Notes
Turn   | Place    | Note
-------+----------+-------------------------------------------
     0 | D:1      | Allula97 the Tengu Air Elementalist began the quest for the
                  | Orb.
     0 | D:1      | Reached XP level 1. HP: 10/10 MP: 4/4
   105 | D:1      | Slain by a gnoll

Illustrated notes

Levels and vault maps discovered:
D:1:      dpeg_arrival_lava_temple_mockup, layout_basic,
          hellmonk_ecumenical_altar_heavens_door, serial_forest,
          infiniplex_forest_straight_5, infiniplex_forest_end_double,
          infiniplex_forest_clump_small, infiniplex_forest_clump_diagonal,
          infiniplex_forest_end_2, infiniplex_forest_end_2,
          infiniplex_forest_lined_4_way, infiniplex_forest_straight_4,
          infiniplex_forest_corner_1, infiniplex_forest_lined_ring

Action                   || total
-------------------------++-------
Melee: Unarmed           ||     8
       Kick              ||     1
       Peck              ||     1
 Cast: Shock             ||     9
Dodge: Dodged            ||     6
